 Dungeon Crawl Stone Soup version 0.28.0-53-g5a82cb258f (webtiles) character file.

Game seed: 4930789016617600587

663 greena the Vexing (level 7, -2/53 HPs)
             Began as a Gnoll Arcane Marksman on May 26, 2022.
             Was a Priest of Sif Muna.
             Slain by a gnoll
             ... wielding a +3 halberd
              (9 damage)
             ... on level 5 of the Dungeon.
             The game lasted 00:37:00 (5518 turns).

greena the Vexing (Gnoll Arcane Marksman)           Turns: 5518, Time: 00:37:00

Health: -2/53      AC:  5    Str:  9    XL:     7   Next: 56%
Magic:  0/12       EV: 14    Int: 18    God:    Sif Muna [***...]
Gold:   197        SH:  0    Dex: 17    Spells: 8/13 levels left

rFire   x . .      SeeInvis +   j - +2 falchion (holy)
rCold   . . .      Faith    .   (no shield)
rNeg    . . .      Spirit   +   w - +0 leather armour
rPois   .          Reflect  .   (no helmet)
rElec   .          Harm     .   (no cloak)
rCorr   .          Rampage  .   n - +0 pair of gloves
Will    .....                   v - +0 pair of boots
Stlth   +++.......              r - amulet of guardian spirit
HPRegen 0.17/turn               q - +6 ring of intelligence
MPRegen 0.13/turn               g - ring "Supobban" {rF- Dex+2 SInv Stlth+}

@: about to teleport
A: fangs 1, strong nose, distributed training
a: Renounce Religion, Channel Magic, Forget Spell


You were on level 5 of the Dungeon.
You worshipped Sif Muna.
Sif Muna was most pleased with you.
You visited 1 branch of the dungeon, and saw 5 of its levels.
You also visited: Sewer.

You collected 197 gold pieces.

Inventory:

Hand Weapons
 a - a +1 hand crossbow
 f - a +0 dagger
 j - a +2 falchion of holy wrath (weapon)
 l - a +0 whip
 o - a +0 hunting sling
Missiles
 c - 9 bolts
 p - 124 stones (quivered)
 y - 22 sling bullets
Armour
 d - a +0 robe
 n - a +0 pair of gloves (worn)
 s - a +0 ring mail
 v - a +0 pair of boots (worn)
 w - a +0 leather armour (worn)
Jewellery
 g - the ring "Supobban" (right hand) {rF- Dex+2 SInv Stlth+}
   (You acquired it on level 3 of the Dungeon)

   [ring of see invisible]

   Dex:       It affects your dexterity (+2).
   rF:        It makes you vulnerable to fire.
   SInv:      It lets you see invisible.
   Stlth:     It makes you more stealthy.
 q - a +6 ring of intelligence (left hand)
 r - an amulet of guardian spirit (around neck)
 D - a ring of see invisible
Wands
 t - a wand of mindburst (3)
 E - a wand of iceblast (9)
Scrolls
 e - 3 scrolls of identify
 u - a scroll of silence {unknown}
 z - a scroll of fear {unknown}
Potions
 b - 2 potions of cancellation
 h - 2 potions of brilliance
 i - a potion of berserk rage {unknown}
 m - a potion of degeneration {unknown}
 x - a potion of invisibility {unknown}
 A - a potion of magic {unknown}


   Skills:
 + Level 3.7 Fighting
 + Level 2.5 Short Blades
 + Level 2.5 Long Blades
 + Level 2.5 Axes
 + Level 2.5 Maces & Flails
 + Level 2.5 Polearms
 + Level 2.5 Staves
 + Level 2.5 Slings
 + Level 2.5 Bows
 + Level 5.3 Crossbows
 + Level 2.5 Throwing
 + Level 2.5 Armour
 + Level 5.3 Dodging
 + Level 2.5 Stealth
 + Level 2.5 Shields
 + Level 2.5 Unarmed Combat
 + Level 3.8 Spellcasting
 + Level 2.1 Conjurations
 + Level 5.8 Hexes
 + Level 2.1 Summonings
 + Level 2.1 Necromancy
 + Level 2.1 Translocations
 + Level 2.1 Transmutations
 + Level 2.1 Fire Magic
 + Level 2.1 Ice Magic
 + Level 2.1 Air Magic
 + Level 2.1 Earth Magic
 + Level 2.1 Poison Magic
 + Level 2.8 Invocations
 + Level 2.5 Evocations


You had 8 spell levels left.
You knew the following spells:

 Your Spells              Type           Power      Damage    Failure   Level
a - Slow                  Hex            96%        N/A       1%          1
b - Freeze                Ice            44%        1d6       9%          1
c - Portal Projectile     Hex/Tloc       34%        N/A       12%         3

Your spell library contained the following spells:

 Spells                   Type           Power      Damage    Failure   Level
 Summon Small Mammal      Summ           44%        N/A       9%          1
 Inner Flame              Hex/Fire       17%        N/A       12%         3
 Summon Guardian Golem    Hex/Summ       17%        N/A       12%         3
 Cause Fear               Hex            12%        N/A       19%         4
 Call Canine Familiar     Summ           11%        N/A       26%         3
 Frozen Ramparts          Ice            22%        1d4       26%         3
 Hailstorm                Conj/Ice       11%        3d5       65%         4


Dungeon Overview and Level Annotations

Branches:
Dungeon (5/15)             Temple (0/1) D:4           Sewer (visited)

Altars:
Sif Muna
Vehumet
Xom


Innate Abilities, Weirdness & Mutations

You have very sharp teeth.
Your uncanny sense of smell can sniff out nearby items.
Your experience applies equally to all skills.


Message History

Throw: 125 stones
Press: ? - help, Q - select action, (/) - cycle Shift-Dir - straight line, f/p - necrophage
Aim: a necrophage (slow, 62% to hit)
You throw a stone. The stone hits the necrophage.
The necrophage is lightly damaged.
Throw: 124 stones
Press: ? - help, Q - select action, (/) - cycle Shift-Dir - straight line, f/p - necrophage
Aim: a necrophage (slow, 62% to hit)
Okay, then.
You hit the necrophage.
The necrophage convulses.
The necrophage is moderately damaged.
The necrophage misses you.
You barely miss the necrophage.
You bite the necrophage, but do no damage.
The necrophage is moderately damaged.
You hit the necrophage.
The necrophage convulses.
The necrophage is severely damaged.
The necrophage hits you.
* * * LOW HITPOINT WARNING * * *
You slash the necrophage!
The necrophage convulses.
The necrophage is almost destroyed.
The necrophage is no longer moving slowly.
The necrophage hits you.
* * * LOW HITPOINT WARNING * * *
You closely miss the necrophage.
The necrophage is almost destroyed.
The necrophage closely misses you.
You completely miss the necrophage.
The necrophage is almost destroyed.
The necrophage closely misses you.
You closely miss the necrophage.
The necrophage is almost destroyed.
The necrophage closely misses you.
You slash the necrophage!
You destroy the necrophage!
Sif Muna accepts your kill.
As you read the scroll of teleportation, it crumbles to dust.
You feel strangely unstable.
The gnoll hits you from afar with a +3 halberd!
You die...

....##.)........(..#
.....#.......(.....#
.>..........(.....#
....8............##
.........n..<.()##
8.8..#.......##(#
....###########g#
....### #.## #.....#
##@# ####### ###


You could see a gnoll.

Vanquished Creatures
  Pargi (Sewer)
  A necrophage (D:5)
  A centaur (D:4)
  A howler monkey (D:4)
  2 orc priests (D:4)
  A gnoll shaman (D:5)
  An iguana (D:4)
  An orc wizard (D:4)
  5 adders
  3 gnolls (D:5)
  2 ufetubi (D:5)
  3 worms
  6 dart slugs
  14 orcs
  10 bats
  9 endoplasms
  2 giant cockroaches
  10 goblins
  3 hobgoblins
  2 jackals (D:4)
  2 quokkas (D:1)
  13 ball pythons
  6 frilled lizards
  14 kobolds
  8 rats
121 creatures vanquished.

Notes
Turn   | Place    | Note
-------+----------+-------------------------------------------
     0 | D:1      | greena the Gnoll Arcane Marksman began the quest for the
                  | Orb.
     0 | D:1      | Reached XP level 1. HP: 17/17 MP: 4/4
    68 | D:1      | Reached XP level 2. HP: 19/23 MP: 5/5
   216 | D:1      | Found a faded altar of an unknown god.
   337 | D:1      | Prayed at the altar of an unknown god.
   337 | D:1      | Became a worshipper of Sif Muna the Loreminder
   337 | D:1      | Reached * piety under Sif Muna
   474 | D:1      | Reached XP level 3. HP: 28/28 MP: 7/7
   786 | D:1      | Reached skill level 1 in Invocations
  1320 | D:2      | Found a shimmering altar of Xom.
  1338 | D:2      | Reached ** piety under Sif Muna
  1489 | D:2      | Reached skill level 1 in Short Blades
  1489 | D:2      | Reached skill level 1 in Long Blades
  1489 | D:2      | Reached skill level 1 in Axes
  1489 | D:2      | Reached skill level 1 in Maces & Flails
  1489 | D:2      | Reached skill level 1 in Polearms
  1489 | D:2      | Reached skill level 1 in Staves
  1489 | D:2      | Reached skill level 1 in Slings
  1489 | D:2      | Reached skill level 1 in Bows
  1489 | D:2      | Reached skill level 1 in Throwing
  1489 | D:2      | Reached skill level 1 in Armour
  1489 | D:2      | Reached skill level 1 in Stealth
  1489 | D:2      | Reached skill level 1 in Shields
  1489 | D:2      | Reached skill level 1 in Unarmed Combat
  1489 | D:2      | Reached skill level 1 in Evocations
  1489 | D:2      | Reached XP level 4. HP: 17/34 MP: 8/8
  2864 | D:3      | Found a radiant altar of Vehumet.
  2895 | D:3      | Reached skill level 1 in Conjurations
  2895 | D:3      | Reached skill level 1 in Summonings
  2895 | D:3      | Reached skill level 1 in Necromancy
  2895 | D:3      | Reached skill level 1 in Translocations
  2895 | D:3      | Reached skill level 1 in Transmutations
  2895 | D:3      | Reached skill level 1 in Fire Magic
  2895 | D:3      | Reached skill level 1 in Ice Magic
  2895 | D:3      | Reached skill level 1 in Air Magic
  2895 | D:3      | Reached skill level 1 in Earth Magic
  2895 | D:3      | Reached skill level 1 in Poison Magic
  3338 | D:3      | Reached XP level 5. HP: 40/40 MP: 9/9
  3667 | D:3      | Identified a scroll of acquirement
  3667 | D:3      | Acquired the ring "Supobban" {rF- Dex+2 SInv Stlth+}
  3688 | D:4      | Reached *** piety under Sif Muna
  3861 | D:4      | Found a glowing drain.
  3877 | Sewer    | Entered a sewer
  4088 | Sewer    | Noticed Pargi
  4121 | Sewer    | Killed Pargi
  4122 | Sewer    | Reached XP level 6. HP: 38/47 MP: 8/11
  4500 | D:4      | Reached skill level 5 in Crossbows
  4500 | D:4      | Reached skill level 5 in Dodging
  4945 | D:4      | Learned a level 1 spell: Freeze
  4949 | D:4      | Learned a level 3 spell: Portal Projectile
  5053 | D:4      | Reached XP level 7. HP: 35/52 MP: 8/12
  5251 | D:4      | Found a staircase to the Ecumenical Temple.
  5422 | D:5      | Entered Level 5 of the Dungeon
  5452 | D:5      | HP: 1/52 [gnoll/+3 halberd (12)]
  5518 | D:5      | Slain by a gnoll

Illustrated notes

Levels and vault maps discovered:
D:1:      scummos_arrival_simple_crosswalls, layout_loops_ring,
          hellmonk_ecumenical_altar_pennies_from_heaven, minmay_bisected
D:2:      layout_basic, basic_altar
D:3:      layout_basic, mainiacjoe_overflow_tiny_flanked,
          kennysheep_another_room
D:4:      layout_rooms, minmay_temple_entry_proselytizer, portal_sewer_entry_d,
          mrwooster_statue_mirror, minivault_1
D:5:      layout_layer_cave, grunt_ministairs_9, nicolae_grassy_gnolls

Skill      XL: |  1  2  3  4  5  6  7 |
---------------+----------------------+-----
Invocations    | 1 2 |  2.8
Short Blades   | 1 2 |  2.5
Long Blades    | 1 2 |  2.5
Axes           | 1 2 |  2.5
Maces & Flails | 1 2 |  2.5
Polearms       | 1 2 |  2.5
Staves         | 1 2 |  2.5
Slings         | 1 2 |  2.5
Bows           | 1 2 |  2.5
Throwing       | 1 2 |  2.5
Armour         | 1 2 |  2.5
Stealth        | 1 2 |  2.5
Shields        | 1 2 |  2.5
Unarmed Combat | 1 2 |  2.5
Evocations     | 1 2 |  2.5
Spellcasting   | 3 |  3.8
Conjurations   | 1 2 |  2.1
Summonings     | 1 2 |  2.1
Necromancy     | 1 2 |  2.1
Translocations | 1 2 |  2.1
Transmutations | 1 2 |  2.1
Fire Magic     | 1 2 |  2.1
Ice Magic      | 1 2 |  2.1
Air Magic      | 1 2 |  2.1
Earth Magic    | 1 2 |  2.1
Poison Magic   | 1 2 |  2.1
Fighting       | 3 |  3.7
Crossbows      | 5 |  5.3
Dodging        | 5 |  5.3
Hexes          | |  5.8

Action                   |  1- 3 |  4- 6 |  7- 9 || total
-------------------------+-------+-------+-------++-------
Melee: Whip              |       |    89 |       ||    89
       Falchion          |       |    15 |    11 ||    26
       Bite              |       |    14 |     1 ||    15
       Punch             |       |     2 |       ||     2
 Fire: Hand crossbow     |   100 |   173 |    23 ||   296
Throw: Dart              |       |       |     4 ||     4
       Stone             |       |       |     1 ||     1
 Cast: Slow              |     1 |    18 |     8 ||    27
  Use: Potion            |     2 |     2 |       ||     4
       Scroll            |     1 |     4 |     2 ||     7
Armor: Robe              |     5 |       |       ||     5
       Ring mail         |     9 |     3 |       ||    12
       Leather armour    |       |    44 |       ||    44
Dodge: Dodged            |    35 |   106 |    18 ||   159
